 Dungeon Crawl Stone Soup version 0.27.0-1-g7a089689b8 (webtiles) character file.

Game seed: 13178685373634991136

2 Brandom the Sneak (level 1, 0/9 HPs)
             Began as a Spriggan Fire Elementalist on July 31, 2021.
             Slain by a jackal (2 damage)
             ... on level 1 of the Dungeon.
             The game lasted 00:00:27 (70 turns).

Brandom the Sneak (Spriggan Fire Elementalist)        Turns: 70, Time: 00:00:28

Health: 0/9        AC:  2    Str:  4    XL:     1   Next: 33%
Magic:  3/5        EV: 17    Int: 16    God:
Gold:   12         SH:  0    Dex: 15    Spells: 4/5 levels left

rFire    . . .     SeeInvis +   b - +0 hand axe
rCold    . . .     Faith    .   (shield restricted)
rNeg     . . .     Spirit   .   a - +0 robe
rPois    .         Reflect  .   (helmet restricted)
rElec    .         Harm     .   (no cloak)
rCorr    .         Rampage  .   (gloves unavailable)
Will     .....                  (boots unavailable)
Stlth    ++........             (no amulet)
HPRegen  0.03/turn              (no ring)
MPRegen  0.09/turn              (no ring)

@: very quick
A: very small, no large weapons, unfitting armour, see invisible, speed 3
a: no special abilities


You were on level 1 of the Dungeon.
You visited 1 branch of the dungeon, and saw 1 of its levels.

You collected 12 gold pieces.

Inventory:

Hand Weapons
 b - a +0 hand axe (weapon)
   (You found it on level 1 of the Dungeon)
Armour
 a - a +0 robe (worn)


   Skills:
 + Level 0.2 Fighting
 + Level 2.8 Dodging
 + Level 3.1 Stealth
 - Level 2.6 Spellcasting
 - Level 0.6 Conjurations
 - Level 2.4 Fire Magic


You had 4 spell levels left.
You knew the following spells:

 Your Spells              Type           Power      Damage    Failure   Level
a - Foxfire               Conj/Fire      24%        2x1d5     11%         1

Your spell library contained the following spells:

 Spells                   Type           Power      Damage    Failure   Level
 Conjure Flame            Conj/Fire      6%         6-21      30%         3
 Inner Flame              Hex/Fire       6%         N/A       34%         3
 Sticky Flame             Conj/Fire      6%         2d3       71%         4
 Fireball                 Conj/Fire      3%         3d4       96%         5


Dungeon Overview and Level Annotations

Branches:
Dungeon (1/15)

Altars:


Innate Abilities, Weirdness & Mutations

You are very small and have problems with some larger weapons.
You are too small for most types of armour.
You have supernaturally acute eyesight. (SInv)
You cover ground extremely quickly. (Speed+++)


Message History

There is an open gate here.
A jackal comes into view.
A jackal comes into view.
A jackal comes into view.
Found a chain mail.
The helpless jackal fails to defend itself.
You hit the jackal but do no damage.
The helpless jackal fails to defend itself.
You hit the jackal.
The jackal barks!
You hear a shout!
The jackal closely misses you.
The jackal bites you but does no damage.
The jackal misses you. The jackal closely misses you.
You hit the jackal.
You kill the jackal!
You closely miss the jackal. The jackal closely misses you.
You hit the jackal. x2; The jackal bites you.
The jackal completely misses you. The jackal closely misses you.
The jackal barely misses you.
You closely miss the jackal. x2; The jackal misses you.
The jackal closely misses you. The jackal bites you.
The jackal closely misses you.
You closely miss the jackal. You hit the jackal but do no damage.
The jackal misses you.
The jackal bites you but does no damage.
The jackal completely misses you.
You hit the jackal but do no damage. x2; The jackal bites you.
The jackal barely misses you. x2; The jackal misses you.
You hit the jackal.
You kill the jackal!
You hit the jackal but do no damage. The jackal closely misses you.
You hit the jackal but do no damage. The jackal closely misses you. x2
You barely miss the jackal. The jackal bites you.
* * * LOW HITPOINT WARNING * * *
The jackal completely misses you.
You hit the jackal but do no damage. The jackal barely misses you.
The jackal bites you but does no damage.
You closely miss the jackal. The jackal misses you.
A goblin comes into view. It is wielding a +1 vampiric dagger.
The jackal barely misses you.
You barely miss the jackal. The jackal misses you.
The jackal completely misses you.
You barely miss the jackal. The jackal closely misses you.
You closely miss the jackal. The jackal barely misses you.
The jackal bites you.
* * * LOW HITPOINT WARNING * * *
You conjure some foxfire!
The jackal closely misses you.
The foxfire hits the jackal.
There is an open gate here.
You conjure some foxfire!
The jackal bites you.
You die...

######♣.....≈≈≈
#P....≈≈≈≈#
#.......≈≈#
#P.....≈≈≈#
#♣....≈≈≈≈#
#♣....≈≈≈≈#
#......≈≈≈#
##.v...≈≈≈#
####P@..≈≈≈≈#
#.'.hv..≈≈≈≈#
#.'......≈≈≈# ##
#.'...♣..≈≈≈# #.#
#.##.....≈≈≈#
#.#####.##....≈≈≈≈#
##
#......#P♣P..≈≈≈≈#
#.#
##.....###########
..###.######


You could see a jackal (ally target).

Vanquished Creatures
  2 jackals (D:1)
2 creatures vanquished.

Vanquished Creatures (others)
  A foxfire (D:1)
1 creature vanquished.

Grand Total: 3 creatures vanquished

Notes
Turn   | Place    | Note
-------+----------+-------------------------------------------
     0 | D:1      | Brandom the Spriggan Fire Elementalist began the quest for
                  | the Orb.
     0 | D:1      | Reached XP level 1. HP: 9/9 MP: 5/5
    70 | D:1      | Slain by a jackal

Illustrated notes

Levels and vault maps discovered:
D:1:      kennysheep_arrival_seaside, layout_loops_cross,
          shapermc_ecumenical_altar_pompeii

Action                   || total
-------------------------++-------
Melee: Hand axe          ||    14
 Cast: Foxfire           ||     2
 Stab: Sleeping          ||     2
Armor: Robe              ||     3
Dodge: Dodged            ||    27
